 Dungeon Crawl Stone Soup version 0.22-a0-422-g9628fc8 (webtiles) character file.

648070 iamserjio the Metallomancer (level 27, -5/286 HPs)
             Began as a Formicid Earth Elementalist on May 16, 2018.
             Was the Champion of Kikubaaqudgha.
             Killed by the air
             ... invoked by a blizzard demon
              (19 damage)
             ... on level 4 of the Depths on May 17, 2018.
             The game lasted 09:33:42 (91341 turns).

iamserjio the Metallomancer (FoEE)                 Turns: 91341, Time: 09:33:44

Health: -5/286     AC: 42    Str: 19    XL:     27
Magic:  5/58       EV: 19    Int: 26    God:    Kikubaaqudgha [******]
Gold:   2534       SH: 16    Dex: 15    Spells: 3/70 levels left

rFire    + + .     SeeInvis +   V - +7 triple sword (flame)
rCold    + + .     Gourm    .   A - +2 shield of Resistance {rF+ rC+ MR+}
rNeg     + . .     Faith    .   (armour currently unavailable)
rPois    ∞         Spirit   .   (helmet unavailable)
rElec    +         Reflect  .   m - +2 cloak of the Thief {+Fog Slay-2 SInv Stlth+}
rCorr    +         Harm     .   (gloves currently unavailable)
MR       +++..                  (boots currently unavailable)
Stlth    +++++.....             s - amulet "Upoah" {rElec Regen+ Int+2 SInv}
HPRegen  1.97/turn              b - ring "Xeste" {MP+9 Dex+4}
MPRegen  0.36/turn              B - ring of Robustness {AC+8}

@: statue-form, resistant, very slightly contaminated, regenerating, studying 2
skills, very slow
A: permanent stasis, dig shafts and tunnels, four strong arms, antennae 3,
hooves 2, deformed body, mutation resistance 1, strong 1
}: 5/15 runes: decaying, slimy, silver, abyssal, gossamer
a: Dig, Shaft Self, End Transformation, Receive Corpses, Torment, Renounce
Religion, Evoke Fog


You were on level 4 of the Depths.
You worshipped Kikubaaqudgha.
Kikubaaqudgha was exalted by your worship.
You were hungry.
You were a stone statue.
You visited 12 branches of the dungeon, and saw 54 of its levels.
You visited the Abyss 1 time.
You visited 1 ziggurat, and saw 10 of its levels.
You also visited: Trove, Ossuary and Ice Cave.

You collected 9634 gold pieces.
You spent 7100 gold pieces at shops.

Inventory:

Hand Weapons
 V - a +7 triple sword of flaming (weapon)
Armour
 a - the +0 pair of boots "Puaps" (melded) {rC+ Int+4}
   (You bought it in a shop on level 3 of the Elven Halls)

   It affects your intelligence (+4).
   It protects you from cold.
 j - the +2 pair of boots of the Assassin {Detection Stab+ Stlth++}
   (You acquired it on level 4 of the Vaults)

   It makes you much more stealthy.
 m - the +2 cloak of the Thief (worn) {+Fog Slay-2 SInv Stlth+}
   (You acquired it on level 4 of the Vaults)

   It affects your accuracy and damage with ranged weapons and melee attacks
   (-2).
   It lets you see invisible.
   It makes you more stealthy.
 r - a scarf of cloud immunity
 A - the +2 shield of Resistance (worn) {rF+ rC+ MR+}
   (You found it in a treasure trove)

   It protects you from fire.
   It protects you from cold.
   It affects your resistance to hostile enchantments.
 L - the +0 pair of gloves "Juot" (melded) {rF+ MR+}
   (You found it in a treasure trove)

   It protects you from fire.
   It affects your resistance to hostile enchantments.
 S - the +1 scale mail of Joy {Str+4 Int+4}
   (You found it on level 2 of the Depths)

   It affects your strength (+4).
   It affects your intelligence (+4).
 X - the +0 cloak of the Other Side {MR++ MP+9 Dex+2}
   (You found it in a treasure trove)

   It affects your dexterity (+2).
   It affects your resistance to hostile enchantments.
   It affects your magic capacity (+9).
 Z - a +3 troll leather armour (melded)
Magical Staves
 z - an uncursed staff of earth
 K - an uncursed staff of power
Jewellery
 b - the ring "Xeste" (left hand) {MP+9 Dex+4}
   (You found it on level 4 of the Depths)

   [ring of magical power]

   It affects your dexterity (+4).
   It affects your magic capacity (+9).
 i - the amulet of Ciykkirr {RegenMP +Blink rN+ Dex+4 Slay+3}
   (You took it off a deep elf death mage on level 3 of the Elven Halls)

   [amulet of magic regeneration]

   It increases your magic regeneration.
   It affects your dexterity (+4).
   It affects your accuracy and damage with ranged weapons and melee attacks
   (+3).
   It protects you from negative energy.
   It lets you blink.
 k - the ring of Wiviurgh {rN+++ MR+ Str+4 Dex-4 Stlth-}
   (You found it on level 4 of the Depths)

   [ring of protection from magic]

   It affects your strength (+4).
   It affects your dexterity (-4).
   It renders you almost immune to negative energy.
   It affects your resistance to hostile enchantments.
   It makes you less stealthy.
 s - the amulet "Upoah" (around neck) {rElec Regen+ Int+2 SInv}
   (You found it on level 6 of the Lair of Beasts)

   [amulet of regeneration]

   It affects your intelligence (+2).
   It insulates you from electricity.
   It lets you see invisible.
   It increases your rate of regeneration.
 v - a cursed ring of fire
 B - the ring of Robustness (right hand) {AC+8}
   (You took it off a deep elf mage on level 3 of the Elven Halls)

   [ring of protection]

   It affects your AC (+8).
 E - the ring of Oppetuqy {rCorr *Contam rPois Str+6 Int+3}
   (You took it off a yaktaur on level 4 of the Depths)

   [ring of resist corrosion]

   It affects your strength (+6).
   It affects your intelligence (+3).
   It protects you from poison.
   It causes magical contamination when unequipped.
 H - an uncursed ring of magical power
 U - the ring of Tuawk {*Corrode rElec rF+ rN+ Stlth+}
   (You took it off a frost giant on level 5 of the Vaults)

   [ring of positive energy]

   It protects you from fire.
   It insulates you from electricity.
   It protects you from negative energy.
   It may corrode you when you take damage.
   It makes you more stealthy.
Wands
 q - a wand of iceblast (15)
 y - a wand of clouds (4)
 N - a wand of paralysis (94)
 W - a wand of acid (62)
 Y - a wand of digging (41)
Scrolls
 o - 28 scrolls of remove curse
 p - 14 scrolls of fog
 u - 10 scrolls of fear
 x - 4 scrolls of identify
 I - 7 scrolls of magic mapping
 O - 5 scrolls of amnesia
Potions
 c - 25 potions of curing
 f - 11 potions of brilliance
 g - 8 potions of might
 h - 8 potions of invisibility
 t - 8 potions of agility
 C - 9 potions of magic
 D - 2 potions of resistance
 F - 3 potions of cancellation
 J - 12 potions of flight
 P - 5 potions of mutation
Books
 Q - a manual of Translocations
 T - a manual of Long Blades
Miscellaneous
 e - 6 phantom mirrors
 l - a fan of gales
 w - 6 boxes of beasts
 G - a lightning rod (4/4)
 R - a phial of floods
Comestibles
 d - 45 rations


   Skills:
 + Level 18.8 Fighting
 + Level 11.9 Long Blades
 - Level 10.0 Armour
 - Level 10.0 Dodging
 - Level 9.0 Stealth
 * Level 16.8 Shields
 + Level 22.4 Spellcasting
 * Level 8.0 Charms
 - Level 4.0 Summonings
 + Level 23.1 Necromancy
 - Level 5.0 Translocations
 - Level 10.0 Transmutations
 * Level 23.5 Earth Magic
 - Level 5.0 Evocations


You had 3 spell levels left.
You knew the following spells:

 Your Spells              Type           Power        Failure   Level  Hunger
a - Necromutation         Tmut/Necr      #######...   10%         8    #####..
b - Shatter               Erth           ########..   9%          9    ######.
c - Lee's Rapid Deconstr  Erth           ########..   0%          5    None
d - Regeneration          Chrm/Necr      #######...   0%          3    None
e - Sublimation of Blood  Necr           #######...   0%          2    None
f - Passwall              Tmut/Erth      #######...   0%          2    None
g - Borgnjor's Vile Clut  Necr/Erth      ########..   0%          5    None
h - Summon Butterflies    Summ           ######..     1%          1    None
i - Dispel Undead         Necr           #######.     0%          5    None
j - Apportation           Tloc           ######       1%          1    None
k - Aura of Abjuration    Summ           ######....   7%          5    None
l - Statue Form           Tmut/Erth      #######..    1%          6    None
m - Vampiric Draining     Necr           #######...   0%          3    None
n - Passage of Golubria   Tloc           N/A          1%          4    None
o - Infestation           Necr           #######...   1%          8    #####..

Your spell library contained the following spells:

 Spells                   Type           Power        Failure   Level  Hunger
 Cause Fear               Hex            ####......   13%         4    None
 Magic Dart               Conj           ####         1%          1    None
 Fireball                 Conj/Fire      ####......   34%         5    None
 Conjure Flame            Conj/Fire      ####....     3%          3    None
 Bolt of Fire             Conj/Fire      ####......   89%         6    None
 Bolt of Cold             Conj/Ice       ####......   89%         6    None
 Lightning Bolt           Conj/Air       ####......   34%         5    None
 Bolt of Magma            Conj/Fire/Erth ######....   1%          5    None
 Slow                     Hex            ####....     1%          2    None
 Confuse                  Hex            ####....     3%          3    None
 Invisibility             Hex            ####....     89%         6    None
 Throw Flame              Conj/Fire      ####..       1%          2    None
 Throw Frost              Conj/Ice       ####..       1%          2    None
 Controlled Blink         Tloc           N/A          100%        8    #####..
 Freezing Cloud           Conj/Ice/Air   ####......   89%         6    None
 Mephitic Cloud           Conj/Pois/Air  ####....     3%          3    None
 Teleport Other           Tloc           ######..     1%          3    None
 Death's Door             Chrm/Necr      #######...   14%         8    #####..
 Summon Small Mammal      Summ           ####         1%          1    None
 Bolt of Draining         Conj/Necr      ######....   1%          5    None
 Blink                    Tloc           N/A          1%          2    None
 Summon Horrible Things   Summ           ######....   100%        8    #####..
 Animate Dead             Necr           N/A          0%          4    None
 Pain                     Necr           ####         0%          1    None
 Animate Skeleton         Necr           N/A          0%          1    None
 Haunt                    Necr/Summ      #######...   4%          7    ###....
 Borgnjor's Revivificati  Necr           #######...   1%          8    #####..
 Freeze                   Ice            ####         1%          1    None
 Ozocubu's Refrigeration  Ice            ####......   89%         6    None
 Sticky Flame             Conj/Fire      ####....     13%         4    None
 Summon Ice Beast         Ice/Summ       #####...     5%          4    None
 Ozocubu's Armour         Chrm/Ice       ######..     1%          3    None
 Call Imp                 Summ           ######..     1%          2    None
 Tukima's Dance           Hex            ####....     3%          3    None
 Summon Demon             Summ           ######....   7%          5    None
 Summon Greater Demon     Summ           ######....   91%         7    ###....
 Corpse Rot               Necr           N/A          0%          2    None
 Iron Shot                Conj/Erth      ######....   1%          6    None
 Stone Arrow              Conj/Erth      ######       1%          3    None
 Swiftness                Chrm/Air       ######..     1%          2    None
 Recall                   Summ/Tloc      N/A          1%          3    None
 Agony                    Necr           #######.     0%          5    None
 Spider Form              Tmut/Pois      ######....   1%          3    None
 Blade Hands              Tmut           ######....   1%          5    None
 Ice Form                 Ice/Tmut       ######..     1%          4    None
 Dragon Form              Tmut           ######....   19%         7    ###....
 Death Channel            Necr           #######...   0%          6    None
 Deflect Missiles         Chrm/Air       ######....   36%         6    None
 Throw Icicle             Conj/Ice       ####....     13%         4    None
 Shadow Creatures         Summ           N/A          36%         6    None
 Confusing Touch          Hex            ####..       1%          1    None
 Flame Tongue             Conj/Fire      ####.        1%          1    None
 Ignite Poison            Fire/Tmut/Pois #####...     1%          3    None
 Sticks to Snakes         Tmut           ######..     1%          2    None
 Ensorcelled Hibernation  Hex/Ice        ####..       1%          2    None
 Metabolic Englaciation   Hex/Ice        ####......   34%         5    None
 Silence                  Hex/Air        ####......   34%         5    None
 Dispersal                Tloc           ######....   26%         6    None
 Static Discharge         Conj/Air       ####....     3%          3    None
 Corona                   Hex            ####...      1%          1    None
 Alistair's Intoxication  Tmut/Pois      ######..     4%          5    None
 Sandblast                Erth           ######       0%          1    None
 Simulacrum               Ice/Necr       ######....   1%          6    None
 Conjure Ball Lightning   Conj/Air       ####......   89%         6    None
 Portal Projectile        Hex/Tloc       #####.       1%          3    None
 Monstrous Menagerie      Summ           ######....   91%         7    ###....
 Petrify                  Tmut/Erth      #######.     0%          4    None
 Malign Gateway           Summ/Tloc      ######....   86%         7    ###....
 Tornado                  Air            ####......   100%        9    ######.
 Leda's Liquefaction      Hex/Erth       ######....   1%          4    None
 Darkness                 Hex            ####......   89%         6    None
 Shroud of Golubria       Chrm/Tloc      ######....   1%          2    None
 Inner Flame              Hex/Fire       ####....     3%          3    None
 Beastly Appendage        Tmut           ######       1%          1    None
 Disjunction              Tloc           ######....   100%        8    #####..
 Dazzling Spray           Conj/Hex       ####..       3%          3    None
 Force Lance              Conj/Tloc      #####...     4%          4    None
 Infusion                 Chrm           ####         1%          1    None
 Song of Slaying          Chrm           ######..     1%          2    None
 Spectral Weapon          Hex/Chrm       ######..     1%          3    None
 Summon Forest            Summ/Tloc      ######....   5%          5    None
 Summon Lightning Spire   Summ/Air       #####...     5%          4    None
 Dragon's Call            Summ           ######....   100%        9    ######.
 Summon Mana Viper        Hex/Summ       #####...     16%         5    None
 Hydra Form               Tmut           ######....   3%          6    None
 Irradiate                Conj/Tmut      ######....   4%          5    None
 Gell's Gravitas          Tloc           ######....   1%          3    None
 Yara's Violent Unravell  Hex/Tmut       ######....   4%          5    None
 Lesser Beckoning         Tloc           ######....   1%          3    None
 Poisonous Vapours        Pois/Air       ####..       1%          2    None
 Ignition                 Fire           ####......   100%        8    #####..


Dungeon Overview and Level Annotations

Branches:
Dungeon (15/15)            Temple (1/1) D:5            Lair (6/6) D:9
  Swamp (4/4) Lair:3       Spider (4/4) Lair:2        Slime (5/5) Lair:6
    Orc (2/2) D:12            Elf (3/3) Orc:2        Vaults (5/5) D:13
  Crypt (3/3) Vaults:2       Tomb (0/3) Crypt:3      Depths (5/5) D:15
   Hell (1/1)                 Zot (0/5) Depths:5
    Dis: Hell:1         Geh: Hell:1         Coc: Hell:1         Tar: Hell:1

Altars:
Dithmenos
Elyvilon
Fedhas
Gozag
Kikubaaqudgha
Makhleb
Nemelex Xobeh
Qazlal
Ru
Trog
Vehumet
Wu Jian
Xom
Zin
The Shining One
Beogh
Jiyva
Lugonu

Shops:
D:7 ?   D:9 *   D:10 *   D:12 (%   D:13 :   Orc:1 }   Orc:2 }(?   Elf:2 ?
Elf:3 [   Vaults:1 =   Vaults:4 *   Depths:1 !(=:   Depths:2 !

Portals:
Hell: Depths:1 Depths:2 Depths:3 Depths:4 Depths:5
Abyss: Depths:1 Depths:2 Depths:4 Depths:5
Pandemonium: Depths:1 Depths:2 Depths:3

Annotations:
Slime:4 1 exclusion
Depths:4 1 exclusion
Hell Geryon


Innate Abilities, Weirdness & Mutations

You cannot be hasted, slowed, berserked, paralysed or teleported.
You can dig through walls and to a lower floor.
Your four strong arms can wield two-handed weapons with a shield.
You have a pair of large antennae on your head. (SInv)
You have hoof-like feet.
Armour fits poorly on your strangely shaped body.
You are somewhat resistant to further mutation.
Your muscles are strong. (Str +2)


Message History

Casting: Regeneration (safe; 0% risk of failure)
Confirm with . or Enter, or press ? or * to list all spells.
You don't have enough magic to cast that spell.
Unknown command.
You feel protected.
The sun demon hits you but does no damage.
The sun demon barely misses you. The blizzard demon hits you.
* * * LOW HITPOINT WARNING * * *
You block the blizzard demon's attack.
You slice the sun demon!!
You kill the sun demon!
Kikubaaqudgha accepts your kill.
You feel your intelligence returning. The sun demon barely misses you.
You riposte.
You slice the sun demon!!
You kill the sun demon!
Kikubaaqudgha accepts your kill.
The blizzard demon waves its arms in wide circles.
The air twists around and strikes you!
You die...
Kikubaaqudgha rasps: "You have failed me!
Welcome... oblivion!"

..s##......#....#'###..[|.###'#..
.sss#.....#....##...#.....#...##[
.##'#..........'....##))!##....[.
.#.....#.......#....#######....#.
.[....#......#'###..# #>?###.
##..........##.[##### ######.
#...........'...## #..
............#..4)# #_(
............#?.28# ###
...........####### #
..........##..## #
..........'.(./# #
..........#...># #
.#........(....# #
...#......##..## ###
.....#.....####### #..
.......#....#....# #!.


You could see a blizzard demon and an ice devil.

Vanquished Creatures
  the Royal Jelly (Slime:5)
  Mara (Spider:4)
  Boris (Vaults:2)
  2 caustic shrikes
  2 golden dragons
  6 bone dragons
  Jorgrun (Elf:3)
  6 liches
  A quicksilver dragon (Depths:3)
  3 tentacled monstrosities
  3 deep elf blademasters
  The ghost of Steelmeadow the Warrior, an adept GrFi of Okawaru (Vaults:4)
  4 titans
  2 deep elf master archers (Elf:3)
  2 sphinxes
  23 acid blobs
  6 ancient champions
  An Executioner (Zig:10)
  Gastronok (D:9)
  3 shadow dragons
  Kirke (Swamp:1)
  A tentacled starspawn (Zig:10)
  A revenant (Crypt:2)
  2 tengu reavers (Vaults:5)
  A thorn hunter (Swamp:4)
  Roxanne (Elf:2)
  A draconian monk (Depths:5)
  16 azure jellies
  4 frost giants
  11 fire giants
  A draconian scorcher (Depths:5)
  An orc warlord (D:12)
  3 deep elf sorcerers (Elf:3)
  Louise (Spider:3)
  11 vault wardens
  4 ghost moths
  4 emperor scorpions (Spider:4)
  2 curse skulls
  4 deep elf elementalists (Elf:3)
  2 spriggan defenders
  2 balrugs
  8 ironheart preservers
  A juggernaut skeleton (Crypt:3)
  6 war gargoyles
  2 reapers (Hell)
  A ghoul (Crypt:2)
  7 entropy weavers
  2 apis (Zig:2)
  A lorocyproca (Hell)
  An entropy weaver (shapeshifter) (Depths:3)
  3 vampire knights
  3 deep elf demonologists (Elf:3)
  10 very ugly things
  A red draconian (Depths:5)
  Nessos (Lair:5)
  21 stone giants
  5 deep elf annihilators (Elf:3)
  A yellow draconian (Depths:5)
  11 spark wasps
  A white draconian (Depths:5)
  4 dire elephants (Lair:6)
  A blizzard demon (Abyss:3)
  11 deep elf death magi
  Josephine (D:10)
  The ghost of Borgoz the Corrupter of Planes, a journeyman DsAK of Lugonu (Orc:2)
  12 death oozes
  5 ettins
  2 eidola
  A jiangshi (Crypt:2)
  Snorg (D:10)
  18 vault guards
  7 fire dragons
  2 deep elf high priests
  Fannar (Lair:3)
  13 yaktaur captains
  9 great orbs of eyes
  13 hydras
  5 rakshasas
  Harold (Lair:3)
  Erolcha (Orc:1)
  A quicksilver dragon skeleton (Crypt:3)
  A spriggan air mage (Depths:5)
  6 ice dragons
  An anaconda (Lair:6)
  27 two-headed ogres
  14 ogre magi
  16 centaur warriors
  11 tengu warriors
  A two-headed ogre (shapeshifter) (D:13)
  6 death yaks (Lair:6)
  6 alligators
  25 dancing weapons
  4 death knights
  A hell hog (Abyss:3)
  7 deep troll shamans
  8 thrashing horrors
  A queen ant (Spider:4)
  6 deep troll earth magi
  3 spriggan berserkers
  6 vampire magi
  2 orc high priests
  A soul eater (Crypt:2)
  19 deep elf knights
  7 sun demons
  2 wretched stars (Abyss:3)
  A titan skeleton (Zig:7)
  5 shadow wraiths
  A sixfirhy (Zig:10)
  The ghost of wazuzu the Spear-Bearer, a novice CeMo (D:6)
  A hell knight (Depths:4)
  A sea snake (shapeshifter) (Depths:3)
  3 iron trolls
  A salamander mystic (Depths:5)
  A death drake (shapeshifter) (Depths:3)
  3 wizards
  2 spriggan druids
  9 skeletal warriors
  A storm dragon skeleton (Crypt:3)
  A deep troll (shapeshifter) (Vaults:2)
  7 glowing orange brains
  An unseen horror (shapeshifter) (D:15)
  19 deep trolls
  A swamp dragon (shapeshifter) (D:14)
  6 unseen horrors
  3 flayed ghosts
  Pikel (D:8)
  A harpy (shapeshifter) (Depths:2)
  17 deep elf archers
  16 ironbrand convokers
  6 swamp dragons
  67 deep elf magi
  4 shambling mangroves
  3 phantasmal warriors
  A wolf spider zombie (D:15)
  6 necromancers
  A mana viper (shapeshifter) (Elf:2)
  8 orb spiders
  An anaconda skeleton (Hell)
  15 orc knights
  9 harpies
  A frost giant zombie (Depths:2)
  11 orc sorcerers
  11 shining eyes
  An oklob plant (Lair:2)
  42 ugly things
  11 wolf spiders
  An iron dragon zombie (D:15)
  The ghost of magipi the Insei, a novice MfTm of Okawaru (D:5)
  A fire giant zombie (D:15)
  14 cyclopes
  2 shadow dragon skeletons
  3 manticores
  5 smoke demons (Abyss:3)
  2 moths of wrath
  A salamander (Depths:5)
  2 ice statues (IceCv)
  3 large abominations (Abyss:3)
  An elephant (shapeshifter) (Vaults:5)
  3 guardian serpents (Depths:4)
  A stone giant skeleton (Hell)
  19 elephants
  A guardian serpent (shapeshifter) (Vaults:3)
  8 vault sentinels
  5 eyes of devastation
  2 gargoyles
  6 black mambas
  4 orange demons
  15 spiny frogs
  A fire giant skeleton (Abyss:3)
  A dire elephant skeleton (Crypt:3)
  2 spiny frogs (shapeshifter) (Zig:10)
  3 tormentors
  A torpor snail (Spider:4)
  7 komodo dragons
  3 kobold demonologists
  3 spriggan zombies
  A white draconian zombie (Crypt:2)
  10 rime drakes
  41 yaktaurs
  11 demonic crawlers
  2 tengu conjurers
  A catoblepas skeleton (Crypt:3)
  An ice devil (Zig:7)
  A sea snake skeleton (Crypt:2)
  6 freezing wraiths
  A komodo dragon (shapeshifter) (Elf:1)
  A red devil (Hell)
  A meliai (shapeshifter) (Elf:1)
  13 trolls
  A troll (shapeshifter) (Vaults:3)
  5 tyrant leeches
  4 guardian mummies
  14 jumping spiders
  28 hornets
  4 polar bears
  A hornet (shapeshifter) (Depths:2)
  An ancient zyme (Abyss:3)
  A hydra skeleton (Crypt:2)
  3 blink frogs (Lair:6)
  A raiju (shapeshifter) (Depths:2)
  9 bog bodies
  4 raiju (Abyss:3)
  152 slime creatures
  6 dream sheep (Lair:5)
  Prince Ribbit (D:6)
  14 hippogriffs
  A fire giant simulacrum (Vaults:4)
  A meliai zombie (D:14)
  A flying skull (Zig:7)
  46 redbacks
  A stone giant simulacrum (Vaults:3)
  2 tarantellas (shapeshifter)
  12 shadows
  An ettin skeleton (Vaults:4)
  10 spriggans
  5 air elementals
  3 ynoxinuls
  4 water elementals
  12 tarantellas
  A fire dragon skeleton (Hell)
  A vampire (D:12)
  12 wraiths
  5 basilisks
  52 yaks
  4 fire elementals
  14 vampire mosquitoes
  Grum (D:10)
  4 golden eyes
  2 hogs (Swamp:1)
  5 wyverns
  A neqoxec (Abyss:3)
  A steam dragon (D:7)
  4 hungry ghosts
  3 chaos spawn
  Menkaure (D:4)
  7 insubstantial wisps
  7 wargs
  12 swamp worms
  10 small abominations
  4 acid dragons
  13 water moccasins
  2 hell hounds (D:9)
  A floating eye (shapeshifter) (Depths:4)
  21 soldier ants
  A spiny frog skeleton (Hell)
  4 floating eyes
  11 porcupines
  7 swamp drakes
  2 black bears
  35 orc warriors
  3 slaves (D:8)
  An eye of draining (shapeshifter) (Vaults:2)
  17 ice beasts
  11 eyes of draining
  7 phantoms
  An alligator simulacrum (Hell)
  A snapping turtle skeleton (Crypt:3)
  30 ogres
  15 necrophages
  3 boggarts (Vaults:1)
  A manticore skeleton (Hell)
  11 wolves
  30 centaurs
  22 crocodiles
  3 big kobolds
  14 bullfrogs
  2 elf zombies (Ossuary)
  A rime drake skeleton (Crypt:2)
  7 earth elementals
  A water moccasin zombie (D:9)
  A wyvern zombie (D:7)
  11 scorpions
  2 water moccasin skeletons
  An elf simulacrum (Vaults:3)
  A human simulacrum (Vaults:1)
  5 killer bees (D:11)
  24 wights
  3 howler monkeys
  3 electric eels
  12 crimson imps
  3 bullfrog zombies
  8 centaur zombies
  3 human zombies
  3 quasits
  14 starcursed masses
  3 jellies
  2 centaur skeletons
  33 orc wizards
  Crazy Yiuf (D:3)
  4 bullfrog skeletons
  A gnoll shaman (D:5)
  7 hounds
  4 iron imps
  15 orc priests
  2 iguanas
  6 hell rats (Lair:2)
  A lightning spire (Zig:9)
  26 worker ants
  A big kobold zombie (Ossuary)
  A demigod zombie (Crypt:3)
  A naga skeleton (Crypt:1)
  2 hound zombies
  12 mummies
  A howler monkey zombie (D:6)
  2 worker ant zombies
  16 gnolls
  15 adders
  5 shadow imps
  A white imp (Zig:7)
  2 ufetubi (Abyss:3)
  An adder zombie (D:8)
  3 adder skeletons
  5 worms
  2 dart slugs (D:1)
  3 leopard geckos
  98 orcs
  8 bats
  5 giant cockroaches
  9 goblins
  13 hobgoblins
  9 jackals
  11 kobolds
  8 quokkas
  2 ball pythons
  A ball python zombie (D:5)
  10 frilled lizards
  A goblin zombie (Ossuary)
  15 hobgoblin zombies (Ossuary)
  2 jackal zombies (Ossuary)
  10 kobold zombies (Ossuary)
  A leopard gecko skeleton (D:6)
  A leopard gecko zombie (D:5)
  4 orc zombies (Ossuary)
  A quokka skeleton (D:5)
  A quokka zombie (D:5)
  13 rats
  8 fungi
  16 plants
  2 withered plants (Swamp:1)
2331 creatures vanquished.

Vanquished Creatures (collateral kills)
  2 juggernauts
  An ancient lich (Crypt:3)
  A shard shrike (Zig:7)
  Margery (Depths:4)
  4 caustic shrikes
  3 bone dragons
  A profane servitor (Abyss:3)
  A lich (Depths:5)
  2 tentacled monstrosities
  5 titans (Vaults:5)
  A kraken (Abyss:3)
  An acid blob (Zig:4)
  5 ancient champions
  5 tentacled starspawn (Abyss:3)
  A sphinx (Vaults:5)
  5 shadow dragons
  3 storm dragons (Vaults:5)
  4 revenants
  3 azure jellies
  6 fire giants
  3 tengu reavers
  4 frost giants
  2 iron dragons (Zig:8)
  A deep elf sorcerer (Vaults:1)
  2 vault wardens (Vaults:5)
  Aizul (Swamp:1)
  A ghost moth (Spider:4)
  4 ironheart preservers
  2 spriggan defenders
  6 caustic shrike skeletons (Crypt:3)
  17 very ugly things
  A reaper (Crypt:3)
  An entropy weaver (Spider:2)
  2 stone giants
  A black draconian (Depths:5)
  A vampire knight (Depths:3)
  A lorocyproca (Abyss:3)
  A red draconian (Depths:5)
  A purple draconian (Depths:5)
  4 spark wasps
  A deep elf annihilator (Vaults:5)
  A blizzard demon (Zig:10)
  A white draconian (Depths:5)
  5 eidola
  12 ettins
  7 fire dragons
  A crystal guardian (Vaults:5)
  7 great orbs of eyes
  A deep elf high priest (Vaults:5)
  3 ogre magi
  9 yaktaur captains
  4 rakshasas
  17 vault guards
  8 hydras
  2 ice dragons
  A quicksilver dragon skeleton (Crypt:3)
  A two-headed ogre (shapeshifter) (Depths:4)
  A juggernaut simulacrum (Depths:2)
  A ghost crab (Abyss:3)
  2 centaur warriors
  6 two-headed ogres
  4 deep troll earth magi
  4 tengu warriors
  An alligator (Swamp:2)
  4 deep troll shamans
  12 thrashing horrors (Abyss:3)
  2 vampire magi
  2 hell hogs (Abyss:3)
  A titan skeleton (Crypt:3)
  A sun demon (Abyss:3)
  3 spriggan berserkers
  A soul eater (Crypt:1)
  4 hell knights
  2 deep elf knights
  A sixfirhy (Abyss:3)
  3 wretched stars
  A fire crab (Abyss:3)
  3 iron trolls
  10 large abominations
  A shadow wraith (Abyss:3)
  9 skeletal warriors
  A ghost moth zombie (Crypt:1)
  8 starcursed masses
  A death drake (Zig:10)
  3 swamp dragons (Swamp:4)
  A deep troll (shapeshifter) (Depths:1)
  12 deep trolls
  A spriggan druid (Swamp:3)
  An unseen horror (Abyss:2)
  3 flayed ghosts
  2 shambling mangroves
  2 wizards
  2 glowing orange brains
  A shadow demon (Abyss:3)
  A necromancer (Depths:4)
  7 orb spiders
  5 harpies
  8 phantasmal warriors
  16 wolf spiders
  17 slime creatures
  21 ugly things
  2 salamanders (Depths:5)
  A fire giant zombie (Abyss:3)
  A salamander (shapeshifter) (Depths:2)
  A stone giant zombie (Vaults:4)
  A frost giant zombie (Depths:2)
  An iron dragon skeleton (Abyss:3)
  2 frost giant skeletons
  A worldbinder (Abyss:3)
  4 apocalypse crabs
  A guardian serpent (Depths:4)
  A rust devil (Abyss:3)
  6 smoke demons
  A moth of wrath (Spider:3)
  2 torpor snails
  4 vault sentinels
  2 stone giant skeletons (Crypt:3)
  3 spiny frogs
  An orange demon (Abyss:3)
  3 shock serpent skeletons
  3 dire elephant skeletons
  A yaktaur (shapeshifter) (Vaults:4)
  20 yaktaurs
  2 efreet
  8 demonic crawlers
  A tormentor (Abyss:3)
  2 freezing wraiths
  An emperor scorpion zombie (Abyss:3)
  3 hellwings
  2 guardian mummies (Crypt:3)
  A red draconian skeleton (Crypt:2)
  7 ancient zymes
  2 tengu conjurers (Depths:2)
  A catoblepas skeleton (Crypt:3)
  A red devil (Depths:5)
  2 tyrant leeches
  3 ice devils
  A polar bear (shapeshifter) (Depths:1)
  An iron troll skeleton (Crypt:1)
  6 hornets
  17 jumping spiders
  2 bog bodies
  A blink frog (Abyss:3)
  A shadow dragon simulacrum (Depths:4)
  A blink frog (shapeshifter) (Depths:4)
  14 raiju
  A spriggan zombie (Depths:2)
  A hydra skeleton (Crypt:3)
  2 fire dragon skeletons
  An ettin skeleton (Zig:7)
  5 shadows
  3 spriggans
  An ice dragon skeleton (Crypt:3)
  35 redbacks
  2 ynoxinuls (Abyss:3)
  4 wraiths
  7 tarantellas
  3 chaos spawn (Abyss:3)
  8 small abominations
  5 neqoxecs (Abyss:3)
  6 vampire mosquitoes
  7 swamp worms
  9 insubstantial wisps
  3 soldier ants (Spider:4)
  A torturous demonspawn skeleton (Crypt:3)
  An orc warrior (Vaults:3)
  A faun skeleton (Crypt:1)
  6 swamp drakes
  5 ogres
  3 eyes of draining (Zig:9)
  A sky beast (Abyss:3)
  A manticore zombie (Crypt:3)
  A rime drake skeleton (Crypt:1)
  A fire crab zombie (Crypt:1)
  10 wights
  An electric eel (Spider:4)
  A crimson imp (Depths:5)
  A centaur zombie (Crypt:3)
  2 quasits (Abyss:3)
  A human skeleton (Crypt:3)
  10 worker ants (Spider:4)
  A crocodile skeleton (Crypt:2)
  3 white imps (Abyss:3)
  2 ufetubi
  4 orcs
  A gnoll zombie (Crypt:1)
  A jackal skeleton (Crypt:2)
  A rat skeleton (Crypt:1)
  A river rat skeleton (Crypt:2)
  5 starspawn tentacles (Abyss:3)
  3 tentacles (Abyss:3)
698 creatures vanquished.

Vanquished Creatures (others)
  A deep elf knight (Elf:1)
  An ugly thing (Depths:2)
  A yaktaur (Vaults:2)
  An ancient zyme (Zig:10)
  A redback (Spider:4)
  A shadow (Swamp:1)
  2 humans (Swamp:1)
  A necrophage (Swamp:1)
  A worker ant (Spider:4)
  A briar patch (Swamp:4)
  6 fungi
  8 plants
  12 starspawn tentacles
  5 tentacles (Abyss:3)
  11 withered plants
53 creatures vanquished.

Grand Total: 3082 creatures vanquished

Notes
Turn   | Place    | Note
-------+----------+-------------------------------------------
     0 | D:1      | iamserjio the Formicid Earth Elementalist began the quest for the Orb.
     0 | D:1      | Reached XP level 1. HP: 13/13 MP: 3/3
   201 | D:1      | Reached XP level 2. HP: 19/19 MP: 3/5
   453 | D:1      | Reached XP level 3. HP: 10/24 MP: 5/7
  1885 | D:2      | Reached XP level 4. HP: 29/30 MP: 7/9
  2254 | D:2      | Noticed an ogre
  2264 | D:2      | Killed an ogre
  2264 | D:2      | Reached skill level 5 in Earth Magic
  2264 | D:2      | Reached XP level 5. HP: 35/35 MP: 3/11
  3078 | D:3      | Found a glowing golden altar of the Shining One.
  3290 | D:3      | Reached XP level 6. HP: 41/41 MP: 8/12
  3305 | D:3      | Learned a level 3 spell: Stone Arrow
  4361 | D:3      | Found a runed door.
  4365 | D:3      | Noticed Crazy Yiuf
  4370 | D:3      | Killed Crazy Yiuf
  4370 | D:3      | Reached skill level 5 in Spellcasting
  4544 | D:4      | Noticed Menkaure
  4554 | D:3      | Reached XP level 7. HP: 30/46 MP: 4/14
  4955 | D:4      | Killed Menkaure
  5401 | D:4      | Reached XP level 8. HP: 21/52 MP: 9/17
  5760 | D:5      | Entered Level 5 of the Dungeon
  5919 | D:5      | Noticed magipi's ghost (novice MfTm)
  6092 | D:5      | Learned a level 5 spell: Lee's Rapid Deconstruction
  6218 | D:5      | Reached skill level 1 in Armour
  6230 | D:5      | Reached skill level 1 in Fighting
  6505 | D:5      | Killed magipi's ghost
  6505 | D:5      | Reached XP level 9. HP: 40/62 MP: 1/20
  7070 | D:5      | Found a staircase to the Ecumenical Temple.
  7135 | Temple   | Entered the Ecumenical Temple
  7147 | Temple   | Became a worshipper of Kikubaaqudgha
  7987 | D:6      | Reached skill level 1 in Necromancy
  7993 | D:6      | Noticed Prince Ribbit
  8193 | D:6      | Killed Prince Ribbit
  8364 | D:6      | Noticed wazuzu's ghost (novice CeMo)
  8446 | D:6      | Killed wazuzu's ghost
  8446 | D:6      | Reached skill level 10 in Earth Magic
  8574 | D:6      | Reached XP level 10. HP: 55/71 MP: 22/22
  9849 | D:7      | Reached * piety under Kikubaaqudgha
  9849 | D:7      | Identified Kikubaaqudgha's Almanac of Evil (Kikubaaqudgha gifted it to you on level 7 of the Dungeon)
  9849 | D:7      | Received a gift from Kikubaaqudgha
 10684 | D:7      | Learned a level 3 spell: Regeneration
 10832 | D:7      | Learned a level 2 spell: Sublimation of Blood
 11243 | D:7      | Found Fecalum's Magic Scroll Boutique.
 11251 | D:7      | Bought a scroll of identify for 26 gold pieces
 11251 | D:7      | Bought a scroll of identify for 26 gold pieces
 11251 | D:7      | Bought a scroll of enchant armour for 97 gold pieces
 11256 | D:7      | Bought a scroll of enchant weapon for 97 gold pieces
 11256 | D:7      | Bought a scroll of immolation for 45 gold pieces
 11256 | D:7      | Bought a scroll of identify for 26 gold pieces
 11256 | D:7      | Bought 2 scrolls of identify for 52 gold pieces
 11261 | D:7      | Bought a scroll of noise for 13 gold pieces
 11799 | D:8      | Found a sand-covered staircase.
 11817 | Ossuary  | Entered an ossuary
 12172 | Ossuary  | Reached ** piety under Kikubaaqudgha
 12181 | Ossuary  | Reached skill level 5 in Stealth
 12936 | D:8      | Noticed a two-headed ogre
 12948 | D:8      | Killed a two-headed ogre
 12948 | D:8      | Reached skill level 5 in Fighting
 12948 | D:8      | Reached skill level 5 in Armour
 12948 | D:8      | Reached XP level 11. HP: 69/80 MP: 1/24
 12955 | D:8      | Noticed a two-headed ogre
 13029 | D:7      | Killed a two-headed ogre
 13272 | D:7      | Learned a level 2 spell: Passwall
 13373 | D:8      | Reached skill level 5 in Necromancy
 13395 | D:8      | Reached *** piety under Kikubaaqudgha
 13395 | D:8      | Identified Kikubaaqudgha's Compendium of Darkness (Kikubaaqudgha gifted it to you on level 8 of the Dungeon)
 13395 | D:8      | Received a gift from Kikubaaqudgha
 13403 | D:8      | Learned a level 5 spell: Borgnjor's Vile Clutch
 13467 | D:8      | Noticed Pikel
 13472 | D:8      | Killed Pikel
 13816 | D:8      | Reached skill level 10 in Spellcasting
 14013 | D:9      | Noticed a two-headed ogre
 14022 | D:9      | Killed a two-headed ogre
 14236 | D:9      | Found a glowing silver altar of Zin.
 14252 | D:9      | Noticed Gastronok
 14475 | D:9      | Killed Gastronok
 15057 | D:9      | Reached XP level 12. HP: 82/84 MP: 26/26
 15121 | D:9      | Reached **** piety under Kikubaaqudgha
 15240 | D:9      | Found a staircase to the Lair.
 15270 | D:9      | Found an opulent altar of Gozag.
 15274 | D:9      | Found Gozag's Platinum Reserve.
 15672 | D:10     | Entered Level 10 of the Dungeon
 15751 | D:10     | Found Wapa's General Store.
 15849 | D:10     | Noticed a two-headed ogre
 15849 | D:10     | Noticed Josephine
 15871 | D:10     | Killed a two-headed ogre
 15993 | D:10     | Killed Josephine
 16359 | D:10     | Noticed Snorg
 16377 | D:10     | Killed Snorg
 16534 | D:10     | Noticed a two-headed ogre
 16543 | D:10     | Killed a two-headed ogre
 16729 | D:10     | Bought a scroll of fog for 28 gold pieces
 16729 | D:10     | Bought a scroll of identify for 28 gold pieces
 16729 | D:10     | Bought a scroll of torment for 105 gold pieces
 16766 | D:10     | Learned a level 1 spell: Summon Butterflies
 16772 | D:10     | Learned a level 5 spell: Dispel Undead
 16774 | D:10     | Learned a level 1 spell: Apportation
 17203 | D:10     | Noticed Grum
 17213 | D:10     | Killed Grum
 18030 | D:11     | Noticed a two-headed ogre
 18036 | D:11     | Killed a two-headed ogre
 18055 | D:11     | Reached ***** piety under Kikubaaqudgha
 18273 | D:11     | Identified the Reference Book on the Blaze and the Oath
 18661 | D:11     | Reached XP level 13. HP: 93/93 MP: 16/28
 19017 | D:12     | Found Ymohat's Food Emporium.
 19593 | D:12     | Got a pair of translucent boots
 19674 | D:12     | Identified the +2 pair of boots of Whack-A-Mole {+Blink rCorr} (You found it on level 12 of the Dungeon)
 19692 | D:12     | Noticed a six-headed hydra
 19699 | D:12     | Killed a six-headed hydra
 19836 | D:12     | Learned a level 4 spell: Leda's Liquefaction
 20044 | D:12     | Reached skill level 10 in Necromancy
 20080 | D:12     | Noticed a five-headed hydra
 20308 | D:12     | Killed a five-headed hydra
 20492 | D:12     | Noticed a seven-headed hydra
 21223 | D:12     | Noticed a centaur warrior
 21520 | D:12     | Killed a centaur warrior
 21830 | D:12     | Found a staircase to the Orcish Mines.
 21851 | D:12     | Reached XP level 14. HP: 62/103 MP: 1/31
 22011 | D:12     | Found Wotaypnu's Weapon Boutique.
 24133 | D:13     | Reached ****** piety under Kikubaaqudgha
 24278 | D:13     | Found Rinutah's Book Shop.
 24329 | D:13     | Reached skill level 1 in Shields
 24714 | D:13     | Gained mutation: You have large cloven feet. [a shining eye]
 25040 | D:13     | Found a gate to the Vaults.
 25572 | D:13     | Reached skill level 10 in Fighting
 26084 | D:13     | Received a gift from Kikubaaqudgha
 26340 | D:14     | Reached XP level 15. HP: 102/110 MP: 2/33
 27895 | D:15     | Entered Level 15 of the Dungeon
 27909 | D:15     | Found a frozen archway.
 27956 | IceCv    | Entered an ice cave
 29475 | D:15     | Found a staircase to the Depths.
 30231 | D:15     | Reached XP level 16. HP: 119/119 MP: 25/34
 30425 | D:15     | Reached skill level 15 in Spellcasting
 30715 | Orc:1    | Entered Level 1 of the Orcish Mines
 31203 | Orc:1    | Found Xijag's Gadget Shop.
 31206 | Orc:1    | Bought a wand of iceblast (9) for 182 gold pieces
 31281 | Orc:1    | Noticed Erolcha
 31283 | Orc:1    | Killed Erolcha
 31423 | Orc:2    | Entered Level 2 of the Orcish Mines
 31829 | Orc:2    | Found a staircase to the Elven Halls.
 31839 | Orc:2    | Noticed Borgoz's ghost (journeyman DsAK)
 32031 | Orc:2    | Killed Borgoz's ghost
 32071 | Orc:2    | Reached skill level 15 in Earth Magic
 32614 | Orc:2    | Found an ancient bone altar of Kikubaaqudgha.
 32715 | Orc:2    | Found Guciogeo's Antique Weapon Emporium.
 32750 | Orc:2    | Found a radiant altar of Vehumet.
 32763 | Orc:2    | Found Xuuneow's Magic Scroll Shoppe.
 32771 | Orc:2    | Bought a scroll of identify for 34 gold pieces
 32771 | Orc:2    | Bought a scroll of magic mapping for 59 gold pieces
 32772 | Orc:2    | Bought 2 scrolls of identify for 68 gold pieces
 32948 | Orc:2    | Found a roughly hewn altar of Beogh.
 32948 | Orc:2    | Found Gofigeaf's Antique Armour Shoppe.
 32976 | Orc:2    | Found Boluet's Gadget Shoppe.
 33016 | Orc:2    | Bought an encrusted whip for 225 gold pieces
 33016 | Orc:2    | Bought an iridescent war axe for 255 gold pieces
 33047 | Orc:2    | Identified the +2 whip of the Thing {elec, *Corrode rF+ rC+ Dex+4} (You bought it in a shop on level 2 of the Orcish Mines)
 33173 | Elf:1    | Entered Level 1 of the Elven Halls
 33346 | Elf:1    | Found a white marble altar of Elyvilon.
 33346 | Elf:1    | Found a glowing silver altar of Zin.
 33346 | Elf:1    | Found a ruined gateway.
 33995 | Elf:1    | Reached XP level 17. HP: 105/127 MP: 8/36
 35386 | Elf:2    | Found Gidixaypn's Magic Scroll Shop.
 35397 | Elf:2    | Bought a scroll of fog for 24 gold pieces
 35397 | Elf:2    | Bought a scroll of fog for 24 gold pieces
 35397 | Elf:2    | Bought a scroll of identify for 24 gold pieces
 35632 | Elf:2    | Found a portal to a secret trove of treasure.
 35647 | Elf:2    | Noticed Roxanne
 35651 | Elf:2    | Killed Roxanne
 35654 | Elf:2    | Identified Roxanne's Disquisition on Clay (You took it off Roxanne on level 2 of the Elven Halls)
 36075 | Elf:2    | Found a large runed door.
 36075 | Elf:2    | Found a large runed door.
 36098 | Elf:2    | Found a large runed door.
 36098 | Elf:2    | Found a large runed door.
 36140 | Elf:2    | Learned a level 6 spell: Statue Form
 36144 | Elf:3    | Entered Level 3 of the Elven Halls
 36314 | Elf:3    | Reached skill level 10 in Armour
 36520 | Elf:3    | Found Maiv's Armour Shop.
 36527 | Elf:3    | Bought the +0 pair of boots "Puaps" {rC+ Int+4} for 457 gold pieces
 37891 | Elf:3    | Noticed a deep elf blademaster
 37895 | Elf:3    | Killed a deep elf blademaster
 37895 | Elf:3    | Reached XP level 18. HP: 130/136 MP: 19/38
 37913 | Elf:3    | Reached skill level 5 in Transmutations
 38048 | Elf:3    | Noticed a deep elf master archer
 38051 | Elf:3    | Noticed a deep elf blademaster
 38080 | Elf:2    | Killed a deep elf blademaster
 38349 | Elf:3    | Killed a deep elf master archer
 38357 | Elf:3    | Noticed a deep elf master archer
 38361 | Elf:3    | HP: 4/141 [deep elf master archer/arrow (25)]
 38648 | Elf:3    | Killed a deep elf master archer
 39338 | Elf:3    | Got a brightly glowing lead amulet
 39341 | Elf:3    | Got a slimy scimitar {flame}
 39375 | Elf:3    | Noticed Jorgrun
 39388 | Elf:3    | Killed Jorgrun
 39516 | Elf:3    | Identified the +5 scimitar of the Viper {flame, Stlth+} (You took it off a deep elf death mage on level 3 of the Elven Halls)
 39702 | Elf:3    | Got a scintillating pewter ring
 39724 | Elf:3    | Identified the ring of Hiutaorph {rCorr +Inv Str-3 Dex+2} (You found it on level 3 of the Elven Halls)
 40059 | Elf:2    | Bought a scroll of identify for 24 gold pieces
 40059 | Elf:2    | Bought a scroll of identify for 24 gold pieces
 40059 | Elf:2    | Bought a scroll of identify for 24 gold pieces
 40059 | Elf:2    | Bought a scroll of identify for 24 gold pieces
 40059 | Elf:2    | Identified the amulet of Ciykkirr {RegenMP +Blink rN+ Dex+4 Slay+3} (You took it off a deep elf death mage on level 3 of the Elven Halls)
 40208 | Elf:2    | Noticed a deep elf blademaster
 40231 | Elf:2    | Reached skill level 15 in Necromancy
 40262 | Elf:2    | Reached skill level 1 in Translocations
 40431 | Elf:2    | Killed a deep elf blademaster
 41096 | Elf:2    | Reached XP level 19. HP: 120/148 MP: 11/39
 41627 | Lair:1   | Entered Level 1 of the Lair of Beasts
 42346 | Lair:2   | Learned a level 3 spell: Vampiric Draining
 42351 | Lair:2   | Learned a level 4 spell: Animate Dead
 42435 | Lair:2   | Found a hole to the Spider Nest.
 42675 | Lair:2   | Reached skill level 1 in Evocations
 43733 | Lair:3   | Noticed Harold
 43737 | Lair:3   | Killed Harold
 43801 | Lair:3   | Found a staircase to the Swamp.
 44198 | Lair:3   | Noticed Fannar
 44215 | Lair:3   | Killed Fannar
 45432 | Lair:5   | Noticed Nessos
 45439 | Lair:5   | Killed Nessos
 45558 | Lair:5   | Found a shadowy altar of Dithmenos.
 45732 | Lair:5   | Reached skill level 5 in Dodging
 46306 | Lair:6   | Entered Level 6 of the Lair of Beasts
 46689 | Lair:6   | Found a viscous altar of Jiyva.
 46689 | Lair:6   | Found a staircase to the Slime Pits.
 47528 | Lair:6   | Identified the amulet "Upoah" {rElec Regen+ Int+2 SInv} (You found it on level 6 of the Lair of Beasts)
 48235 | Swamp:1  | Entered Level 1 of the Swamp
 48441 | Swamp:1  | Reached skill level 1 in Charms
 48452 | Swamp:1  | Noticed Aizul
 48464 | Swamp:1  | Killed Aizul
 48482 | Swamp:1  | Noticed Kirke
 48488 | Swamp:1  | Reached XP level 20. HP: 116/157 MP: 7/41
 48507 | Swamp:1  | Killed Kirke
 50006 | Swamp:2  | Reached skill level 5 in Evocations
 51385 | Swamp:4  | Entered Level 4 of the Swamp
 51968 | Swamp:4  | Got a decaying rune of Zot
 52155 | Spider:1 | Entered Level 1 of the Spider Nest
 52658 | Spider:1 | Reached skill level 5 in Charms
 53003 | Spider:2 | Reached skill level 10 in Transmutations
 53151 | Spider:2 | Reached XP level 21. HP: 165/165 MP: 42/42
 53223 | Spider:3 | Learned a level 8 spell: Infestation
 53340 | Spider:3 | Noticed Louise
 53350 | Spider:3 | Killed Louise
 54179 | Spider:4 | Entered Level 4 of the Spider Nest
 54643 | Spider:4 | Got a gossamer rune of Zot
 55291 | Spider:4 | Noticed Mara
 55307 | Spider:4 | Noticed iamserjio's illusion
 55314 | Spider:4 | Killed Mara
 55997 | Vaults:1 | Entered Level 1 of the Vaults
 56318 | Vaults:1 | Reached skill level 1 in Summonings
 56515 | Vaults:1 | Reached XP level 22. HP: 161/173 MP: 43/43
 57066 | Vaults:1 | Found Osyhar's Jewellery Shoppe.
 57559 | Vaults:2 | Noticed Boris
 57566 | Vaults:2 | Killed Boris
 57775 | Vaults:2 | Reached skill level 15 in Fighting
 58565 | Vaults:2 | Found a staircase to the Crypt.
 60374 | Vaults:3 | Reached XP level 23. HP: 167/181 MP: 17/45
 60677 | Vaults:3 | Reached skill level 10 in Dodging
 62179 | Vaults:4 | Identified 2 scrolls of acquirement
 62497 | Vaults:4 | HP: 6/235 [deep troll[an ironheart preserver] (14)]
 62902 | Vaults:4 | Noticed Steelmeadow's ghost (adept GrFi)
 63004 | Vaults:4 | Killed Steelmeadow's ghost
 63527 | Vaults:4 | Found Bout's Assorted Antiques.
 63535 | Vaults:4 | Bought a scroll of magic mapping for 105 gold pieces
 63535 | Vaults:4 | Bought a potion of curing for 90 gold pieces
 63535 | Vaults:4 | Bought a potion of heal wounds for 150 gold pieces
 63593 | Vaults:4 | Learned a level 7 spell: Haunt
 63599 | Vaults:4 | Learned a level 5 spell: Aura of Abjuration
 63603 | Vaults:5 | Entered Level 5 of the Vaults
 63613 | Vaults:5 | Reached XP level 24. HP: 155/188 MP: 20/46
 63994 | Vaults:5 | Identified the Collected Works on the Rocks
 64494 | Vaults:5 | Got a silver rune of Zot
 65105 | Vaults:5 | Got a warped quarterstaff
 65112 | Vaults:5 | Identified the +1 dagger "Yrud" {distort, +Inv rF+++ MR- Dex+6} (You found it on level 5 of the Vaults)
 65113 | Vaults:5 | Identified the cursed +0 quarterstaff of Laceration {crush, rElec} (You found it on level 5 of the Vaults)
 65252 | Vaults:5 | Got a translucent granite ring
 65253 | Vaults:5 | Identified the ring of Tuawk {*Corrode rElec rF+ rN+ Stlth+} (You took it off a frost giant on level 5 of the Vaults)
 65317 | Vaults:4 | Found the +2 pair of boots of the Assassin {Detection Stab+ Stlth++}
 65404 | Vaults:4 | Found the +2 cloak of the Thief {+Fog Slay-2 SInv Stlth+}
 65851 | Orc:2    | Bought a scroll of enchant weapon for 127 gold pieces
 66104 | Elf:2    | You paid a toll of a +7 demon blade to enter a treasure trove
 66105 | Trove    | Entered a treasure trove
 66108 | Trove    | Found the +3 warlock's mirror {reflect}
 66109 | Trove    | Found the +2 shield of Resistance {rF+ rC+ MR+}
 66110 | Trove    | Got a jewelled chain mail
 66112 | Trove    | Got a pair of dazzling boots
 66122 | Trove    | Got a pair of fine gloves
 66139 | Trove    | Identified the +5 chain mail "Misootath" {rF+} (You found it in a treasure trove)
 66149 | Trove    | Identified the +1 pair of boots of Ukitsec {*Contam Int+5} (You found it in a treasure trove)
 66217 | Trove    | Identified the +0 pair of gloves "Juot" {rF+ MR+} (You found it in a treasure trove)
 66244 | Trove    | Got a slimy cloak
 66263 | Trove    | Identified the +0 cloak of the Other Side {MR++ MP+9 Dex+2} (You found it in a treasure trove)
 66268 | Trove    | Got a shimmering crystal plate armour
 66292 | Trove    | Identified the +7 crystal plate armour "Heuzid" {*Contam rPois rF++ Slay+2} (You found it in a treasure trove)
 66316 | Trove    | Gained mutation: You expend magic power (3 MP) to strengthen your wands. [mutagenic glow]
 66359 | Elf:1    | Gained mutation: You are frail. (-10% HP) [mutagenic glow]
 66415 | D:13     | Gained mutation: You are dopey. (Int -2) [mutagenic glow]
 66698 | Depths:1 | Entered Level 1 of the Depths
 66766 | Depths:1 | Found Cineimn's Jewellery Boutique.
 66768 | Depths:1 | Found Iskulaci's Distillery.
 66768 | Depths:1 | Found Kaorch's Book Boutique.
 66770 | Depths:1 | Found Jemp's Antique Weapon Boutique.
 66802 | Depths:1 | Found a one-way gate leading to the halls of Pandemonium.
 66806 | Depths:1 | Found a corrupted altar of Lugonu.
 66806 | Depths:1 | Found a one-way gate to the infinite horrors of the Abyss.
 66828 | Depths:1 | Found a shimmering altar of Xom.
 66960 | Depths:1 | Found a burning altar of Makhleb.
 66983 | Depths:1 | Reached XP level 25. HP: 175/175 MP: 47/47
 66988 | Depths:1 | Found a gateway to Hell.
 67288 | Depths:1 | Bought a potion of heal wounds for 75 gold pieces
 67288 | Depths:1 | Bought a potion of magic for 120 gold pieces
 67288 | Depths:1 | Bought a potion of mutation for 120 gold pieces
 67288 | Depths:1 | Bought a potion of magic for 120 gold pieces
 67288 | Depths:1 | Bought a potion of agility for 60 gold pieces
 67294 | Depths:1 | Bought a manual of Shields for 1987 gold pieces
 67392 | Depths:2 | Reached skill level 5 in Shields
 67436 | Depths:2 | Got a steaming scale mail
 67472 | Depths:2 | Noticed a caustic shrike
 67474 | Depths:2 | Noticed a caustic shrike
 67480 | Depths:2 | Killed a caustic shrike
 67481 | Depths:2 | Killed a caustic shrike
 67483 | Depths:2 | Noticed a caustic shrike
 67816 | Depths:3 | Found a gateway to a ziggurat.
 67855 | Depths:3 | Identified the +1 scale mail of Joy {Str+4 Int+4} (You found it on level 2 of the Depths)
 69824 | Depths:2 | Got a warped gossamer ring
 69847 | Depths:2 | Found Uplin's Distillery.
 69853 | Depths:2 | Bought 2 potions of brilliance for 160 gold pieces
 69853 | Depths:2 | Bought a potion of magic for 160 gold pieces
 69853 | Depths:2 | Bought a potion of heal wounds for 100 gold pieces
 69853 | Depths:2 | Bought 2 potions of curing for 120 gold pieces
 69853 | Depths:2 | Bought a potion of cancellation for 160 gold pieces
 70024 | Depths:2 | Reached XP level 26. HP: 171/183 MP: 47/47
 70030 | Depths:2 | Identified the ring of Imocim {rCorr rF+} (You took it off a fire giant on level 2 of the Depths)
 70350 | Depths:4 | Noticed a juggernaut
 70358 | Depths:4 | Killed a juggernaut
 70396 | Depths:4 | Identified the ring of Wiviurgh {rN+++ MR+ Str+4 Dex-4 Stlth-} (You found it on level 4 of the Depths)
 70485 | Depths:4 | Found a stormy altar of Qazlal.
 70771 | Depths:4 | Reached skill level 10 in Shields
 70831 | Depths:4 | Identified the ring "Otismyen" {rN++ Str+2} (You found it on level 4 of the Depths)
 70938 | Depths:4 | Identified the ring of Oppetuqy {rCorr *Contam rPois Str+6 Int+3} (You took it off a yaktaur on level 4 of the Depths)
 71142 | Depths:4 | Got a smoking silver ring
 71247 | Depths:4 | Noticed Margery
 71254 | Depths:4 | Killed Margery
 71279 | Depths:4 | Identified the ring "Xeste" {MP+9 Dex+4} (You found it on level 4 of the Depths)
 71537 | Depths:5 | Entered Level 5 of the Depths
 71561 | Depths:5 | Noticed a juggernaut
 71568 | Depths:5 | Killed a juggernaut
 71791 | Depths:5 | Found a gate to the Realm of Zot.
 72196 | Depths:5 | Reached XP level 27. HP: 141/190 MP: 36/48
 72838 | Depths:4 | Learned a level 8 spell: Necromutation
 72956 | Depths:1 | Bought a book of Burglary for 1350 gold pieces
 72961 | Depths:1 | Learned a level 4 spell: Passage of Golubria
 73185 | Vaults:4 | Bought a scroll of amnesia for 105 gold pieces
 73575 | Slime:1  | Entered Level 1 of the Pits of Slime
 74083 | Slime:1  | Gained mutation: Armour fits poorly on your strangely shaped body. [a shining eye]
 74084 | Slime:1  | Gained mutation: You are very dopey. (Int -4) [a shining eye]
 75171 | Slime:1  | Gained mutation: Your magical capacity is low. (-10% MP) [a shining eye]
 76914 | Slime:5  | Entered Level 5 of the Pits of Slime
 78794 | Slime:4  | Learned a level 9 spell: Shatter
 78873 | Slime:5  | Noticed the Royal Jelly
 81635 | Slime:5  | Killed the Royal Jelly
 82549 | Slime:5  | Found the +5 demon whip "Spellbinder" {antimagic, MR+}
 82550 | Slime:5  | Found the +8 frozen axe "Frostbite" {freezing cloud, *Noise +Fly rC+}
 82558 | Slime:5  | Got a slimy rune of Zot
 82613 | Slime:5  | Identified the Collected Works on Battle Magic
 83318 | Crypt:1  | Entered Level 1 of the Crypt
 83321 | Vaults:2 | Lost mutation: You are frail. (-10% HP) [potion of mutation]
 83321 | Vaults:2 | Lost mutation: You are very dopey. (Int -4) [potion of mutation]
 83321 | Vaults:2 | Lost mutation: Armour fits poorly on your strangely shaped body. [potion of mutation]
 83321 | Vaults:2 | Gained mutation: You have hoof-like feet. [potion of mutation]
 83321 | Vaults:2 | Gained mutation: Your flesh is heat resistant. (rF+) [potion of mutation]
 83322 | Vaults:2 | Lost mutation: You are dopey. (Int -2) [potion of mutation]
 83322 | Vaults:2 | Lost mutation: Your flesh is heat resistant. (rF+) [potion of mutation]
 83322 | Vaults:2 | Lost mutation: You expend magic power (3 MP) to strengthen your wands. [potion of mutation]
 83322 | Vaults:2 | Lost mutation: Your magical capacity is low. (-10% MP) [potion of mutation]
 83322 | Vaults:2 | Gained mutation: Your muscles are strong. (Str +2) [potion of mutation]
 83378 | Vaults:2 | Gained mutation: Your spells are a little easier to cast, but a little less powerful. [mutagenic glow]
 83473 | Crypt:1  | Reached skill level 1 in Long Blades
 84809 | Crypt:3  | Entered Level 3 of the Crypt
 85517 | Crypt:3  | Found a staircase to the Tomb.
 85810 | Crypt:3  | Noticed an ancient lich
 85813 | Crypt:3  | Killed an ancient lich
 85843 | Crypt:3  | Reached skill level 5 in Translocations
 86151 | Crypt:3  | Identified the amulet of Egalitarianism {+Rage rF- Dex+4} (You found it on level 3 of the Crypt)
 86636 | Vaults:5 | Reached skill level 15 in Shields
 86678 | Vaults:5 | Reached skill level 5 in Long Blades
 87858 | Zig:1    | Entered Level 1 of a ziggurat
 87895 | Zig:2    | Entered Level 2 of a ziggurat
 87968 | Zig:3    | Entered Level 3 of a ziggurat
 88037 | Zig:4    | Entered Level 4 of a ziggurat
 88126 | Zig:5    | Entered Level 5 of a ziggurat
 88215 | Zig:6    | Entered Level 6 of a ziggurat
 88441 | Zig:6    | Gained mutation: You are frail. (-10% HP) [mutagenic glow]
 88500 | Zig:7    | Entered Level 7 of a ziggurat
 88511 | Zig:7    | Noticed a shard shrike
 88516 | Zig:7    | Killed a shard shrike
 88528 | Zig:7    | Got a smoking great sword
 88534 | Zig:7    | Identified the +5 broad axe of Tartarus {chop, +Blink Dex+4} (You found it on level 7 of a ziggurat)
 88535 | Zig:7    | Identified the +4 great sword of Victory {antimagic, rC+} (You found it on level 7 of a ziggurat)
 88565 | Zig:8    | Entered Level 8 of a ziggurat
 88591 | Zig:8    | Found the +6 Majin-Bo {vamp, Archmagi MP+6 Int+6}
 88652 | Zig:8    | Identified the +8 mace of Circular Logic {crush, rN++ SInv} (You found it on level 8 of a ziggurat)
 88699 | Zig:9    | Entered Level 9 of a ziggurat
 88859 | Zig:9    | Reached skill level 10 in Long Blades
 88970 | Zig:9    | Gained mutation: You are clumsy. (Dex -2) [mutagenic glow]
 89069 | Zig:10   | Entered Level 10 of a ziggurat
 89111 | Zig:10   | Identified Neat's Disquisition on Vitriolic Displacement
 89121 | Zig:10   | Identified the cursed +1 plate armour "Utsuop" {Str+4} (You found it on level 10 of a ziggurat)
 89129 | Depths:3 | Lost mutation: Your spells are a little easier to cast, but a little less powerful. [potion of mutation]
 89129 | Depths:3 | Lost mutation: You are clumsy. (Dex -2) [potion of mutation]
 89129 | Depths:3 | Gained mutation: Armour fits poorly on your strangely shaped body. [potion of mutation]
 89129 | Depths:3 | Gained mutation: You are somewhat resistant to further mutation. [potion of mutation]
 89130 | Depths:3 | Lost mutation: You are frail. (-10% HP) [potion of mutation]
 89543 | Depths:4 | Voluntarily entered the Abyss.
 89704 | Abyss:2  | Found a corrupted altar of Lugonu.
 89956 | Abyss:3  | Found a sparkling altar of Nemelex Xobeh.
 91140 | Abyss:3  | Got an abyssal rune of Zot
 91214 | Depths:4 | Escaped the Abyss
 91311 | Hell     | Entered the Vestibule of Hell
 91311 | Hell     | Noticed Geryon
 91338 | Depths:4 | HP: 5/286 [blizzard demon/bolt of cold (18)]
 91341 | Depths:4 | Killed from afar by a blizzard demon

Vault maps used:
D:1:      tarquinn_simple_flora_water_f
D:2:      serial_forest, infiniplex_forest_clump_double,
          infiniplex_forest_zigzag_2, infiniplex_forest_lined_room_2,
          infiniplex_forest_lined_2, minmay_quantized
D:3:      tso_altar, uniq_crazy_yiuf_cottage
D:4:      first_ration, nicolae_underground_beach, uniq_menkaure
D:5:      temple_statues, sigmund_army
D:6:      minivault_4, uniq_prince_ribbit1
D:7:      serial_shops, nicolae_shop_temple_entry_statues_fountains
D:8:      nicolae_ossuary_entry_ruins, blue_anna_alchemist,
          hangedman_decor_points, uniq_pikel
D:9:      lemuel_round_altar, minmay_lair_entry_lava, serial_undead,
          serial_undead_f, serial_undead_d, serial_undead_f, serial_undead_d,
          serial_undead_a, serial_undead_b, serial_undead_d, serial_undead_a,
          serial_undead_d, serial_undead_e, st_stairs_5,
          nicolae_gozag_zags_fifth_avenue, uniq_gastronok
D:10:     serial_shops, shop, minmay_strange_pillars, uniq_grum, uniq_josephine,
          uniq_snorg
D:12:     minmay_spiral_squares, orc_david_3, serial_shops, shop_coins
D:13:     lightli_vaults_fourway_checkpoint, serial_shops,
          nicolae_shop_statue_plus
D:14:     hangedman_decor_peaks_small
D:15:     gammafunk_depths_entry_grave, nicolae_water_bricks,
          portal_ice_cave_entry_pillars_2, minmay_misc_feat_hallway
Temple:   nicolae_temple_the_god_donut
Lair:1:   cheibrodos_lair_lostbears, grunt_megastairs_5
Lair:2:   spider_nest_entry_rubble, serial_bayou_shore_a, grunt_megastairs_3,
          infiniplex_staircase_pool, lemuel_fruit_fields,
          minmay_lair_oklob_chamber, lemuel_fruit_tree
Lair:3:   minmay_swamp_entry_reptiles, nicolae_lair_grove_arrangements,
          lemuel_fruit_fields, uniq_fannar, uniq_harold
Lair:4:   minmay_lair_drake_nest
Lair:5:   basic_altar, st_stairs_4, wad_woods_river_04, uniq_nessos
Lair:6:   due_jungle_book, slime_altar_1, lemuel_fruit_fields,
          grunt_megastairs_2
Swamp:1:  evilmike_swamp_ruin_house_1, st_shrine_of_shade, uniq_kirke,
          uniq_aizul
Swamp:2:  hangedman_swamp_blocks, kb_tengu_band, infiniplex_staircase_pool_2
Swamp:3:  evilmike_swamp_ruin_house_4, swamp_pool1
Swamp:4:  swamp, swamp_pool4
Spider:2: nicolae_spider_webbed_stairs
Spider:3: uniq_louise
Spider:4: guppyfry_spider_rune, zaba_anthell, uniq_mara
Slime:2:  nicolae_slime_round_cave
Orc:1:    serial_shops, nicolae_shop_window_shopping, uniq_erolcha
Orc:2:    kennysheep_orc_mage_school
Elf:1:    portal_desolation_entry_holy_temple,
          hangedman_elven_crosses_minicolossus
Elf:2:    nicolae_trove_entry_crossroad, serial_shops, nicolae_shop_waterfront,
          st_stairs_11, uniq_roxanne
Elf:3:    elf_hall, serial_shops, shop, serial_co_window_serial,
          co_window_paths_a, co_window_paths_a, co_window_paths_b,
          co_window_paths_b, co_window_corner_a, co_window_cross_1,
          co_window_corner_a, co_window_broadway_b, co_window_broadway_c,
          co_window_corner_ca, co_window_2corner, co_window_corner_b,
          glass_columns_a, glass_columns_b, glass_columns_b,
          einodemon_barbed_minivault, uniq_jorgrun
Vaults:1: nicolae_vaults_quartermaster, grunt_vaults_swirl, vaults_dpeg_cross,
          grunt_vaults_trifunnel, nicolae_vaults_border_crossing,
          vaults_room_grid, v_misc_23, nicolae_vaults_twisting_passages,
          hangedman_vaults_maws, nicolae_vaults_angled_halls, v_alt_pattern_4,
          nicolae_vaults_arrows, v_misc_17, serial_shops, shop
Vaults:2: v_misc_22, v_misc_4, minmay_crypt_entry_simple_statues,
          vaults_room_octagon, nicolae_vaults_asterisk,
          ontoclasm_vaults_decontamination, v_alt_pattern_5, v_misc_25,
          hangedman_vaults_stretched_pinwheel, nicolae_vaults_mini_display_case,
          grunt_vaults_funnel, v_misc_1, nicolae_vaults_diagonal_hallway_7,
          uniq_boris
Vaults:3: nicolae_vaults_network_barrier, v_rooms_3, grunt_vaults_bifocal,
          vaults_dpeg_diagonal, vaults_dpeg_encased_lava,
          ontoclasm_vaults_misaligned, nicolae_vaults_triangles,
          vaults_mumra_chevron, ontoclasm_vaults_eye, hangedman_vaults_trim
Vaults:4: hangedman_vaults_stream, nicolae_vaults_little_squares_3,
          nicolae_vaults_windows_and_doors_thing,
          nicolae_vaults_little_squares_2, vaults_room_octagon,
          vaults_standard_mumra_x, ontoclasm_vaults_loading_screen,
          ontoclasm_vaults_gallery, ontoclasm_vaults_idyll, v_alt_pattern_3,
          nicolae_vaults_ring_of_whatevers, v_misc_3, v_alt_pattern_2,
          serial_shops, shop_statue
Crypt:1:  grunt_crypt_arrival_split
Crypt:3:  due_elkab, nicolae_tomb_entry_grand_gallery, lemuel_nasty_fountain
Depths:1: rand_demon_pan_entry_3, kennysheep_flooded_box,
          abyss_entry_flame_altar, pf_vacation_house_of_asmodeus,
          minmay_shop_grid_forest, minmay_misc_feat_tower, xom_teletrap_fun,
          serial_bayou_shore_b
Depths:2: grunt_x_marks_the_spot, serial_shops, kennysheep_little_box,
          lightli_too_deep, minmay_holes, pan_entry, abyss_entry
Depths:3: minmay_the_grid_4x2, enter_ziggurat_b, nrook_mini_vaults,
          grunt_hell_entry_dis_mu, pan_entry
Depths:4: hangedman_spin_cycle, hell_entry, abyss_entry
Depths:5: grunt_zot_entry_gee_three, abyss_entry_crystal, hellmouth_1,
          corexii_leaking_fountain
Abyss:3:  hangedman_abyss_theft
Zig:7:    ziggurat_pillar_centre_smoke
Trove:    trove_armour_2
Ossuary:  ossuary_tomb_1
IceCv:    ice_cave_small_dragons

Skill      XL: |  1  2  3  4  5  6  7  8  9 10 11 12 13 14 15 16 17 18 19 20 21 22 23 24 25 26 27 |
---------------+----------------------------------------------------------------------------------+-----
Earth Magic    | 4 5 6 7 9 10 11 12 13 14 15 16 17 18 19 20 21 23 | 23.5
Spellcasting   | 3 4 5 6 7 8 9 10 11 13 14 15 16 17 18 19 20 21 22 | 22.4
Armour         | 2 3 5 6 7 8 9 10 | 10.0
Fighting       | 2 3 5 6 7 9 10 11 12 13 14 15 16 18 | 18.8
Necromancy     | 2 4 6 9 10 11 13 14 15 16 17 18 19 20 21 23 | 23.1
Stealth        | 3 5 6 7 9 |  9.0
Shields        | 4 9 12 16 | 16.8
Transmutations | 4 8 9 10 | 10.0
Dodging        | 2 4 5 6 8 9 10 | 10.0
Translocations | 2 3 5 |  5.0
Evocations     | 4 5 |  5.0
Charms         | 1 5 6 8 |  8.0
Summonings     | 1 4 |  4.0
Long Blades    | 11 | 11.9

Action                   |  1- 3 |  4- 6 |  7- 9 | 10-12 | 13-15 | 16-18 | 19-21 | 22-24 | 25-27 || total
-------------------------+-------+-------+-------+-------+-------+-------+-------+-------+-------++-------
Melee: Short sword       |   124 |   133 |       |       |       |       |       |       |       ||   257
       Quarterstaff      |       |     2 |   135 |   248 |       |       |       |       |       ||   385
       Dagger            |       |       |       |    97 |       |       |       |       |       ||    97
       Whip              |       |       |       |    50 |    26 |       |       |       |       ||    76
       Mace              |       |       |       |    38 |       |       |       |       |       ||    38
       Battleaxe         |       |       |       |     2 |    36 |       |       |       |       ||    38
       War axe           |       |       |       |       |    35 |       |       |       |       ||    35
       Staff             |       |       |       |       |    10 |     3 |   203 |   122 |   151 ||   489
       Quick blade       |       |       |       |       |       |       |     7 |       |       ||     7
       Kick              |       |       |       |       |       |       |    42 |    28 |   214 ||   284
       Great sword       |       |       |       |       |       |       |       |       |   701 ||   701
       Triple sword      |       |       |       |       |       |       |       |       |   244 ||   244
 Cast: Sandblast         |    12 |    38 |    13 |    25 |    30 |     2 |       |       |       ||   120
       Stone Arrow       |       |     7 |    80 |   135 |   185 |   120 |   538 |   267 |    99 ||  1431
       Lee's Rapid Decon |       |       |     3 |    20 |    96 |   140 |    55 |    46 |   107 ||   467
       Borgnjor's Vile C |       |       |       |    52 |   173 |   262 |   401 |   259 |   399 ||  1546
       Regeneration      |       |       |       |       |    14 |    55 |    39 |    24 |    36 ||   168
       Sublimation of Bl |       |       |       |       |    22 |    66 |    58 |    28 |    23 ||   197
       Summon Butterflie |       |       |       |       |     1 |    28 |     2 |       |     5 ||    36
       Animate Dead      |       |       |       |       |       |       |   119 |    44 |    17 ||   180
       Statue Form       |       |       |       |       |       |       |    27 |    26 |    57 ||   110
       Dispel Undead     |       |       |       |       |       |       |       |     4 |     7 ||    11
       Infestation       |       |       |       |       |       |       |       |    27 |   131 ||   158
       Vampiric Draining |       |       |       |       |       |       |       |     1 |       ||     1
       Apportation       |       |       |       |       |       |       |       |       |     4 ||     4
       Aura of Abjuratio |       |       |       |       |       |       |       |       |     3 ||     3
       Shatter           |       |       |       |       |       |       |       |       |    18 ||    18
       Necromutation     |       |       |       |       |       |       |       |       |     8 ||     8
Invok: Receive Necronomi |       |       |       |       |     1 |       |       |       |       ||     1
       Receive Corpses   |       |       |       |       |     3 |     9 |     8 |       |     1 ||    21
       Torment           |       |       |       |       |       |       |     2 |       |       ||     2
 Abil: Dig               |       |       |       |     1 |     1 |     7 |     1 |       |       ||    10
       End Transformatio |       |       |       |       |       |       |     1 |       |     6 ||     7
       Evoke Fog         |       |       |       |       |       |       |       |       |     1 ||     1
Evoke: Wand              |       |       |     3 |     1 |    11 |     9 |     3 |       |    63 ||    90
       Fan of gales      |       |       |       |       |       |       |       |       |     1 ||     1
       Lightning rod     |       |       |       |       |       |       |       |       |     1 ||     1
       Phial of floods   |       |       |       |       |       |       |       |       |     1 ||     1
  Use: Scroll            |       |       |     2 |    19 |     7 |    16 |    14 |    18 |    39 ||   115
       Potion            |       |       |       |       |       |     3 |     1 |     7 |    19 ||    30
 Stab: Sleeping          |     2 |     6 |     4 |     8 |     3 |       |     3 |     1 |     5 ||    32
       Paralysed         |       |       |       |     6 |       |       |       |       |       ||     6
       Confused          |       |       |       |     2 |       |       |       |       |       ||     2
       Distracted        |       |       |       |       |       |       |     1 |     2 |    11 ||    14
  Eat: Chunk             |     3 |     9 |    16 |    24 |    45 |    60 |    49 |    25 |    24 ||   255
       Ration            |       |       |       |     9 |     9 |       |     4 |     6 |    29 ||    57
Armor: Robe              |    36 |    29 |    35 |    11 |       |       |       |       |       ||   111
       Leather armour    |       |       |       |   147 |     5 |       |       |       |       ||   152
       Scale mail        |       |       |       |    95 |       |       |       |       |    39 ||   134
       Troll leather arm |       |       |       |     7 |   112 |    37 |   161 |    62 |   421 ||   800
       Skin              |       |       |       |       |       |       |   395 |   235 |   635 ||  1265
       Ring mail         |       |       |       |       |       |       |    57 |       |       ||    57
Dodge: Dodged            |    93 |    97 |   120 |   403 |   217 |    86 |   712 |   392 |  1367 ||  3487
Block: Buckler           |       |       |       |       |    29 |    35 |   360 |   192 |       ||   616
       Shield            |       |       |       |       |       |       |       |     6 |  1619 ||  1625
       Rpst.: Great sword |       |       |       |       |       |       |       |       |   190 ||   190
       Triple sword      |       |       |       |       |       |       |       |       |    61 ||    61

Table legend:
 A = Spawn XP
 B = Non-spawn XP
 C = Spawn XP percentage of total XP
 D = Spawn monster count
 E = Non-spawn monster count
 F = Spawn count percentage of total count
 G = Total turns spent on level
                    A         B        C        D         E        F      G
               +---------+---------+-------+---------+---------+-------+---------
         Total |   48508 | 1391846 |   3.4 |     102 |    2874 |   3.4 | 91341
               +---------+---------+-------+---------+---------+-------+---------
           D:1 |       0 |      41 |   0.0 |       0 |      23 |   0.0 |  1140
           D:2 |       0 |     184 |   0.0 |       0 |      30 |   0.0 |  1691
           D:3 |       0 |     332 |   0.0 |       0 |      33 |   0.0 |  2014
           D:4 |       0 |     517 |   0.0 |       0 |      15 |   0.0 |   915
           D:5 |       0 |    1336 |   0.0 |       0 |      44 |   0.0 |  2039
           D:6 |       0 |    2616 |   0.0 |       0 |      32 |   0.0 |  2749
           D:7 |       0 |    1833 |   0.0 |       0 |      27 |   0.0 |  1487
           D:8 |       0 |    3314 |   0.0 |       0 |      30 |   0.0 |  1773
           D:9 |       0 |    6427 |   0.0 |       0 |      50 |   0.0 |  1919
          D:10 |       0 |    6073 |   0.0 |       0 |      31 |   0.0 |  1660
          D:11 |       0 |    6290 |   0.0 |       0 |      30 |   0.0 |  1577
          D:12 |       0 |   25877 |   0.0 |       0 |      93 |   0.0 |  4961
          D:13 |       0 |   16631 |   0.0 |       0 |      39 |   0.0 |  3390
          D:14 |       0 |   14167 |   0.0 |       0 |      35 |   0.0 |  2095
          D:15 |       0 |   26810 |   0.0 |       0 |      65 |   0.0 |  1932
        Lair:1 |       0 |    4957 |   0.0 |       0 |      25 |   0.0 |   919
        Lair:2 |       0 |    6806 |   0.0 |       0 |      36 |   0.0 |  1730
        Lair:3 |       0 |    7700 |   0.0 |       0 |      29 |   0.0 |  1163
        Lair:4 |       0 |    4060 |   0.0 |       0 |      16 |   0.0 |   741
        Lair:5 |       0 |    7193 |   0.0 |       0 |      26 |   0.0 |  1032
        Lair:6 |       0 |   39861 |   0.0 |       0 |      91 |   0.0 |  2114
       Swamp:1 |       0 |   12639 |   0.0 |       0 |      41 |   0.0 |  1155
       Swamp:2 |       0 |   19218 |   0.0 |       0 |      62 |   0.0 |  1269
       Swamp:3 |       0 |    9691 |   0.0 |       0 |      27 |   0.0 |   804
       Swamp:4 |       0 |   19343 |   0.0 |       0 |      43 |   0.0 |   637
      Spider:1 |       0 |   13170 |   0.0 |       0 |      43 |   0.0 |   717
      Spider:2 |       0 |   11535 |   0.0 |       0 |      39 |   0.0 |   497
      Spider:3 |       0 |   13025 |   0.0 |       0 |      42 |   0.0 |  1000
      Spider:4 |       0 |   54988 |   0.0 |       0 |     148 |   0.0 |  1193
       Slime:1 |       0 |   10965 |   0.0 |       0 |      31 |   0.0 |  1500
       Slime:2 |       0 |   22658 |   0.0 |       0 |      38 |   0.0 |  2076
       Slime:3 |       0 |   18218 |   0.0 |       0 |      24 |   0.0 |  1021
       Slime:4 |       0 |   11207 |   0.0 |       0 |      23 |   0.0 |  2882
       Slime:5 |       0 |   37403 |   0.0 |       0 |      26 |   0.0 |   842
         Orc:1 |       0 |    5170 |   0.0 |       0 |      38 |   0.0 |   876
         Orc:2 |       0 |   12779 |   0.0 |       0 |      60 |   0.0 |  1580
         Elf:1 |       0 |   27602 |   0.0 |       0 |      50 |   0.0 |  1798
         Elf:2 |       0 |   45164 |   0.0 |       0 |      61 |   0.0 |  3511
         Elf:3 |       0 |   58285 |   0.0 |       0 |      63 |   0.0 |  3083
      Vaults:1 |       0 |   54396 |   0.0 |       0 |      91 |   0.0 |  1619
      Vaults:2 |       0 |   40585 |   0.0 |       0 |      64 |   0.0 |  2292
      Vaults:3 |       0 |   43894 |   0.0 |       0 |      80 |   0.0 |  2544
      Vaults:4 |       0 |   56331 |   0.0 |       0 |      96 |   0.0 |  2604
      Vaults:5 |       0 |  121311 |   0.0 |       0 |     127 |   0.0 |  1776
       Crypt:1 |       0 |   13704 |   0.0 |       0 |      29 |   0.0 |   550
       Crypt:2 |       0 |   14306 |   0.0 |       0 |      37 |   0.0 |   933
       Crypt:3 |       0 |   48887 |   0.0 |       0 |      93 |   0.0 |  1591
      Depths:1 |       0 |   25395 |   0.0 |       0 |      40 |   0.0 |   784
      Depths:2 |       0 |   63271 |   0.0 |       0 |      88 |   0.0 |  1186
      Depths:3 |       0 |   56553 |   0.0 |       0 |      69 |   0.0 |  2370
      Depths:4 |       0 |   72161 |   0.0 |       0 |      75 |   0.0 |  1696
      Depths:5 |       0 |   66092 |   0.0 |       0 |      72 |   0.0 |  1214
          Hell |       0 |   12449 |   0.0 |       0 |      16 |   0.0 |    26
       Abyss:1 |     664 |     107 |  86.1 |       5 |       1 |  83.3 |   137
       Abyss:2 |    1200 |    1774 |  40.3 |       3 |       9 |  25.0 |   189
       Abyss:3 |   46644 |   30212 |  60.7 |      94 |      82 |  53.4 |  1345
         Zig:1 |       0 |    1776 |   0.0 |       0 |       2 |   0.0 |    37
         Zig:2 |       0 |    2797 |   0.0 |       0 |       2 |   0.0 |    73
         Zig:3 |       0 |    1557 |   0.0 |       0 |       4 |   0.0 |    69
         Zig:4 |       0 |    3086 |   0.0 |       0 |       5 |   0.0 |    89
         Zig:5 |       0 |    7682 |   0.0 |       0 |       5 |   0.0 |    89
         Zig:6 |       0 |   10606 |   0.0 |       0 |       7 |   0.0 |   285
         Zig:7 |       0 |    4229 |   0.0 |       0 |      11 |   0.0 |    65
         Zig:8 |       0 |   17135 |   0.0 |       0 |      11 |   0.0 |   134
         Zig:9 |       0 |   12798 |   0.0 |       0 |      15 |   0.0 |   370
        Zig:10 |       0 |   16899 |   0.0 |       0 |      25 |   0.0 |    56
       Ossuary |       0 |     373 |   0.0 |       0 |      39 |   0.0 |   773
         IceCv |       0 |    5395 |   0.0 |       0 |      20 |   0.0 |   720
               +---------+---------+-------+---------+---------+-------+---------
